 Dungeon Crawl Stone Soup version 0.30-a0-172-gc5509c9e31 (webtiles) character file.

Game seed: 7145788474332537865

172654 Sobieck the Impaler (level 18, -6/153 HPs)
             Began as a Merfolk Fighter on Sept 30, 2022.
             Was the Champion of Wu Jian.
             Mangled by an alligator (14 damage)
             ... called by a spriggan druid
             ... on level 2 of the Swamp on Oct 1, 2022.
             The game lasted 01:29:58 (39804 turns).

Sobieck the Impaler (Merfolk Fighter)              Turns: 39804, Time: 01:29:59

Health: -6/153     AC: 29    Str: 23    XL:     18   Next: 3%
Magic:  0/25       EV: 15    Int: 12    God:    Wu Jian [******]
Gold:   1734       SH:  0    Dex: 17    Spells: 17/17 levels left

rFire   + . .      SeeInvis .    a - +4 glaive (vorpal) {polearm}
rCold   + + +      Faith    .    (shield currently unavailable)
rNeg    . . .      Spirit   +    U - +7 plate armour of the Gloaming {+Blink MP+9}
rPois   +          Reflect  .    M - +2 helmet
rElec   +          Harm     .    s - scarf {rC+ rF+}
rCorr   .          Rampage  +    o - +2 pair of gloves {Dex+3}
Will    ++...                    z - +0 pair of boots of Hedge Wizardry {Rampage rElec rC+}
Stlth   ..........               n - amulet of guardian spirit
HPRegen 0.45/turn                G - ring of willpower
MPRegen 0.19/turn                i - ring of Baje {rPois rC+ Int+4}

@: no status effects
A: (nimble swimmer 2), mertail, low MP 1, mutation resistance 1
a: Renounce Religion, Evoke Blink, Wall Jump, Serpent's Lash, Heavenly Storm


You were on level 2 of the Swamp.
You worshipped Wu Jian.
Wu Jian was exalted by your worship.
You visited 5 branches of the dungeon, and saw 29 of its levels.
You visited the Abyss 1 time.
You also visited: Bailey.

You collected 2990 gold pieces.
You spent 1256 gold pieces at shops.


Innate Abilities, Weirdness & Mutations

((You are very nimble when in or above water. (Stealth+, EV+, Speed+++)))
Your lower body shifts to a powerful aquatic tail in water.
Your magical capacity is low. (-10% MP)
You are somewhat resistant to further mutation.


   Skills:
 + Level 16.5 Fighting
 - Level 20.0 Polearms
 - Level 16.0 Throwing
 - Level 9.0 Armour
 - Level 18.0 Dodging
 - Level 3.0 Shields
 - Level 5.0 Evocations


You had 17 spell levels left.
You didn't know any spells.
Your spell library contained the following spells:

 Spells                   Type           Power      Damage    Failure   Level
 Beastly Appendage        Tmut           0%         N/A       99%         1
 Foxfire                  Conj/Fire      0%         2x1d4     99%         1
 Magic Dart               Conj           0%         1d3       99%         1
 Searing Ray              Conj           0%         2d4       100%        2
 Wereblood                Tmut           0%         N/A       100%        2
 Call Canine Familiar     Summ           0%         N/A       100%        3
 Dazzling Flash           Conj/Hex       0%         N/A       100%        3
 Frozen Ramparts          Ice            0%         1d1       100%        3
 Inner Flame              Hex/Fire       0%         N/A       100%        3
 Portal Projectile        Hex/Tloc       0%         N/A       100%        3
 Spider Form              Tmut/Pois      0%         N/A       100%        3
 Tukima's Dance           Hex            0%         N/A       100%        3
 Anguish                  Hex/Necr       0%         N/A       100%        4
 Flame Wave               Conj/Fire      0%         2d4       100%        4
 Fulminant Prism          Conj/Hex       0%         3d6       100%        4
 Ice Form                 Ice/Tmut       0%         N/A       100%        4
 Iskenderun's Mystic Bla  Conj/Tloc      0%         2d3       100%        4
 Leda's Liquefaction      Hex/Erth       0%         N/A       100%        4
 Sticky Flame             Conj/Fire      0%         2d3       100%        4
 Summon Ice Beast         Ice/Summ       0%         N/A       100%        4
 Blade Hands              Tmut           0%         N/A       100%        5
 Irradiate                Conj/Tmut      0%         3d11      100%        5
 Starburst                Conj/Fire      0%         6d3       100%        6
 Dragon Form              Tmut           0%         N/A       100%        7
 Enfeeble                 Hex            0%         N/A       100%        7

Inventory:

Hand Weapons
 a - a +4 vorpal glaive (weapon) {polearm}
   (You found it on level 1 of the Lair of Beasts)
 b - a +0 halberd of flaming {polearm}
   (You took it off a gnoll on level 2 of the Dungeon)
Missiles
 h - 5 silver boomerangs {throwing}
 D - 3 throwing nets {=f!fthrowing}
 H - 34 boomerangs (quivered) {throwing}
 Z - 10 javelins {throwing}
Armour
 o - a +2 pair of gloves of dexterity (worn)
   (You found it on level 5 of the Lair of Beasts)
 s - a scarf of resistance (worn)
   (You found it on level 3 of the Lair of Beasts)
 w - a +2 pair of boots of flying
   (You found it in a bailey)
 z - the +0 pair of boots of Hedge Wizardry (worn) {Rampage rElec rC+}
   (You found it on level 14 of the Dungeon)

   rC:        It protects you from cold.
   rElec:     It insulates you from electricity.
   Rampage:   It bestows one free step when moving towards enemies.
 M - a +2 helmet (worn)
   (You took it off Robin on level 4 of the Dungeon)
 U - the +7 plate armour of the Gloaming (worn) {+Blink MP+9}
   (You found it in a bailey)

   MP:        It affects your magic capacity (+9).
   +Blink:    It lets you blink.
Jewellery
 i - the ring of Baje (right hand) {rPois rC+ Int+4}
   (You found it on level 7 of the Dungeon)

   [ring of protection from cold]

   Int:       It affects your intelligence (+4).
   rC:        It protects you from cold.
   rPois:     It protects you from poison.
 l - a ring of wizardry
   (You found it on level 1 of the Dungeon)
 n - an amulet of guardian spirit (around neck)
   (You found it on level 4 of the Dungeon)
 F - a ring of resist corrosion
   (You found it on level 10 of the Dungeon)
 G - a ring of willpower (left hand)
   (You bought it in a shop on level 2 of the Orcish Mines)
 K - the ring of Fannuevi {rF+ rN+ Str+4}
   (You found it on level 3 of the Snake Pit)

   [ring of protection from fire]

   Str:       It affects your strength (+4).
   rF:        It protects you from fire.
   rN:        It protects you from negative energy.
 Q - a ring of willpower
   (You found it on level 2 of the Swamp)
 R - a ring of see invisible
   (You bought it in a shop on level 2 of the Orcish Mines)
 Y - a ring of magical power
   (You found it on level 11 of the Dungeon)
Wands
 m - a wand of mindburst (9)
   (You found it on level 2 of the Lair of Beasts)
 I - a wand of paralysis (20)
   (You found it on level 5 of the Dungeon)
 J - a wand of quicksilver (5)
   (You took it off Grinder on level 3 of the Dungeon)
 P - a wand of roots (5)
   (You took it off a kobold demonologist on level 11 of the Dungeon)
 S - a wand of digging (16)
   (You found it on level 11 of the Dungeon)
Scrolls
 c - 3 scrolls of vulnerability {!r!r}
 f - a scroll of magic mapping {!r}
 j - 5 scrolls of immolation {!r!r}
 p - 6 scrolls of enchant weapon
 x - 2 scrolls of blinking {!r}
 y - 3 scrolls of brand weapon
 E - 7 scrolls of teleportation {@r4}
 N - 4 scrolls of enchant armour
 T - a scroll of butterflies
 V - 3 scrolls of poison
 W - 2 scrolls of fear
 X - 9 scrolls of identify {@r1}
Potions
 d - 8 potions of might
 g - 2 potions of ambrosia
 k - 7 potions of attraction {!q}
 q - 17 potions of curing {@q1}
 r - 6 potions of haste {@q3}
 t - 2 potions of berserk rage {!q}
 u - 2 potions of cancellation
 v - 4 potions of brilliance
 A - 7 potions of lignification {!q}
 B - a potion of invisibility
 C - 2 potions of magic
 L - 2 potions of heal wounds {@q2}
 O - a potion of resistance
Miscellaneous
 e - a phantom mirror
   (You found it on level 3 of the Snake Pit)

Dungeon Overview and Level Annotations

Branches:
Dungeon (15/15) Zot: 25833  Temple (0/1) D:7            Lair (5/5) D:10 Zot: 21663
  Swamp (3/4) Lair:3 Zot: 15896   Snake (4/4) Lair:3 Zot: 16561   Slime (0/5) Lair:4
    Orc (2/2) D:11 Zot: 10125     Elf (0/3) Orc:2        Vaults (0/5) D:13
 Depths (0/4) D:15         Bailey (visited)

Altars:
Ashenzari
Dithmenos
Kikubaaqudgha
Makhleb
Nemelex Xobeh
Qazlal
Sif Muna
Trog
Vehumet
Wu Jian
Yredelemnul
Zin
Jiyva

Shops:
D:4 !   D:13 =   Orc:2 =?[[   Snake:1 =[*!   Snake:3 ::

Annotations:
D:3 1 runed translucent door, Crazy Yiuf
D:11 2 runed translucent doors
Lair:1 3 runed translucent doors, Xozoco's ghost, journeyman MfGl

♣..♣♣. ♣.♣♣♣♣ ♣.♣♣♣♣
♣♣♣♣ ♣..♣♣P ♣♣♣♣♣♣..♣
♣♣....P ♣.~.....♣♣♣♣
♣.....P ♣~~~~~~..♣.♣♣
♣♣...♣♣P ♣>~~~♣t~..♣.♣
♣♣~..♣♣♣♣
♣.~~~..@~~♣.♣♣♣♣§~~.♣♣♣♣
♣.~~~♣♣~~~~..♣♣..§~..♣♣.
♣~~~~♣♣.~~..♣~~.~~~.....
♣.~♣♣♣♣.~~♣.~~♣....~.~~♣
♣♣♣♣ ♣.~♣~.♣♣....~..~♣♣
♣♣.....♣♣♣~~...~§~♣
♣.~~..##...♣~.~♣~..
♣♣.~.##.......~♣...
♣♣~.#.....♣♣~~.~~~


You could see an alligator (strong, swift).


Message History

The bloated husk explodes!
The blast of putrescent gases engulfs the three-headed hydra!!!
The blast of putrescent gases engulfs you!!
A spriggan rider comes into view. It is wielding a +0 spear.
The spriggan rider shouts!
Unknown command.
You chop one of the three-headed hydra's heads off!
The flame cauterises the wound!
You slash the two-headed hydra! You burn the two-headed hydra.
You kill the two-headed hydra!
The Council accepts your kill.
You are hit by a branch.
Unknown command.
You rampage towards the spriggan druid!
You barely miss the spriggan druid.
The forest calms down.
A thorn hunter comes into view.
The spriggan druid hits you but does no damage.
Unknown command.
Unknown command.
You closely miss the spriggan druid.
The thorn hunter gestures.
Thorny briars emerge from the ground!
The spriggan druid calls out to the beasts of the wild!
You miss the spriggan druid.
Unknown command.
You hit the spriggan druid but do no damage.
The spriggan druid points at you and mumbles some strange words.
The stone arrow misses you.
Unknown command.
You puncture the spriggan druid! You burn the spriggan druid.
With its final breath, the spriggan druid offers up its power to the beasts of the wild!
The alligator seems to grow more fierce.
You kill the spriggan druid!
The Council accepts your kill.
You hear a splash. x2
The alligator puts on a burst of speed!
The spriggan rider hits you from afar with a +0 spear!
A swamp worm comes into view.
Unknown command.
Unknown command.
Your legs become a tail as you enter the water.
The +0 pair of boots of Hedge Wizardry {Rampage rElec rC+} melds into your body.
You spin to attack the alligator, but your attack speed is too slow for a blow to land.
The alligator completely misses you. The alligator misses you.
The thorn hunter gestures.
Thorny briars emerge from the ground!
Things that are here:
a +0 quarterstaff {staff}; a +0 robe Unknown command.
An alligator comes into view.
The alligator puts on a burst of speed!
The alligator bites you! The alligator misses you.
Unknown command.
You are struck by the briar patch's thorns.
* * * LOW HITPOINT WARNING * * *
You hit the briar patch but do no damage.
The spriggan rider closely misses you.
Unknown command.
You hit the briar patch. You burn the briar patch.
You tail-slap the briar patch, but do no damage.
The alligator bites you but does no damage.
The alligator tail-slaps you.
* * * LOW HITPOINT WARNING * * *
Unknown command.
You puncture the briar patch! You burn the briar patch.
You destroy the briar patch!
The thorn hunter gestures.
The spriggan rider hits you from afar with a +0 spear!
* * * LOW HITPOINT WARNING * * *
The thorn hunter gestures.
The alligator bites you.
* * * LOW HITPOINT WARNING * * *
The alligator closely misses you.
Unknown command.
The +0 pair of boots of Hedge Wizardry {Rampage rElec rC+} unmelds from your body.
The alligator bites you!!
* * * LOW HITPOINT WARNING * * *
The alligator misses you.
There is a stone staircase leading up, spattered with blood here.
Unknown command.
The spriggan rider hits you from afar with a +0 spear.
* * * LOW HITPOINT WARNING * * *
The alligator bites you but does no damage.
The alligator tail-slaps you but does no damage.
You climb upwards.
There is a stone staircase leading down here.
Unknown command.
Unknown command.
Unknown command.
Your +0 halberd of flaming {polearm} stops flaming.
a - a +4 vorpal glaive (weapon)
{polearm} Unknown command.
You slice the alligator!! The alligator bites you!!
* * * LOW HITPOINT WARNING * * *
The alligator tail-slaps you but does no damage.
Unknown command.
You closely miss the alligator. The alligator bites you!
* * * LOW HITPOINT WARNING * * *
The alligator tail-slaps you!
You die...

Skill      XL: |  1  2  3  4  5  6  7  8  9 10 11 12 13 14 15 16 17 |
---------------+----------------------------------------------------+-----
Polearms       | 3 4 5 6 8 10 11 14 16 20 | 20.0
Dodging        | 4 8 10 13 15 18 | 18.0
Throwing       | 3 6 8 10 12 14 16 | 16.0
Fighting       | 5 7 9 11 13 16 | 16.5
Armour         | 4 7 9 |  9.0
Evocations     | 3 5 |  5.0
Shields        | |  3.0

Action                   |  1- 3 |  4- 6 |  7- 9 | 10-12 | 13-15 | 16-18 || total
-------------------------+-------+-------+-------+-------+-------+-------++-------
Melee: Trident           |   116 |    24 |       |       |       |       ||   140
       Halberd           |       |    26 |       |       |    26 |    26 ||    78
       Spear             |       |   108 |   644 |  1479 |       |       ||  2231
       Tailslap          |       |       |       |     3 |       |     8 ||    11
       Glaive            |       |       |       |     4 |  1424 |  1087 ||  2515
Throw: Dart              |     1 |     6 |     5 |    11 |       |       ||    23
       Stone             |       |     5 |       |       |       |       ||     5
       Boomerang         |       |       |       |    49 |    12 |    22 ||    83
Invok: Lunge             |       |       |     1 |     2 |    32 |     1 ||    36
       Whirlwind         |       |       |       |    13 |   310 |    79 ||   402
       Serpent's Lash    |       |       |       |       |     1 |       ||     1
 Abil: Wall Jump         |       |       |       |       |     6 |    11 ||    17
Evoke: Wand              |       |       |       |       |     3 |       ||     3
  Use: Potion            |       |     3 |     2 |     2 |     4 |     1 ||    12
       Scroll            |       |       |    24 |     9 |    11 |     4 ||    48
 Stab: Paralysed         |       |       |       |       |     3 |       ||     3
Armor: Scale mail        |    47 |    49 |   153 |    25 |       |       ||   274
       Plate armour      |       |       |       |   347 |   715 |   480 ||  1542
Dodge: Dodged            |    29 |    48 |   128 |   228 |   508 |   509 ||  1450
Block: Buckler           |    19 |    28 |    64 |   151 |       |       ||   262

Levels and vault maps discovered:
D:1:      wander_arrival_peaceful_grave, layout_basic,
          hellmonk_ecumenical_altar_run_dry
D:2:      layout_basic, minivault_27, hangedman_abyss_or_decor_stabs,
          minmay_door_square, nicolae_grassy_gnolls
D:3:      layout_rooms, uniq_grinder, uniq_crazy_yiuf_cottage
D:4:      layout_gridville, trog_hazing_becter, serial_shops, shop,
          hangedman_abyss_or_decor_jellyfish_corner, uniq_robin
D:5:      layout_cave_pods, nicolae_wu_jian_wuxing_cycle, minmay_circle_x
D:6:      layout_loops_corners, mainiacjoe_overflow_alcove_1,
          hangedman_decor_lopped
D:7:      layout_gridville, mainiacjoe_overflow_concentric_impassable,
          mainiacjoe_overflow_boulevard, makhleb_heckhound_becter,
          minmay_temple_entry_mist, reono_crystal_passage
D:8:      layout_loops_ring, nicolae_sextant, chequers_jeans, uniq_grum
D:9:      layout_loops_ring, enter_bailey_5, nicolae_kite_square_tiling_tiny
D:10:     layout_loops_ring, nicolae_overflow_crystal_walls,
          nicolae_overflow_hidden_temple, dpeg_lair_monsters,
          nicolae_fountain_basement, uniq_fannar
D:11:     cheibrodos_histonic, layout_loops_corners, david_orc_3,
          gauntlet_entry_generic, uniq_lodul
D:12:     layout_loops_ring, uniq_erolcha, uniq_rupert
D:13:     layout_irregular_city, ximxim_vaults_locker_room, serial_shops, shop
D:14:     layout_stronghold
D:15:     grunt_enter_depths_magical_seal, layout_rooms
Lair:1:   layout_small_grid, gammafunk_ghost_icy, beast_lair_carwin_11,
          grunt_megastairs_2
Lair:2:   layout_cave_pods
Lair:3:   layout_chaotic_city, minmay_swamp_entry_swarm,
          guppyfry_snake_entry_island, grunt_forest_stairs_clearing,
          infiniplex_staircase_pool
Lair:4:   layout_long_grid, nicolae_slime_entry_slimehenge, serial_rivers,
          chequers_serial_rivers_room_b, chequers_serial_rivers_micro_e,
          chequers_serial_rivers_small_3, chequers_serial_rivers_room_b,
          lightli_volcano_entry_magma_tube, uniq_nessos
Lair:5:   minmay_lair_end_enchanted_forest, layout_regular_city,
          infiniplex_staircase_pool_2, grunt_megastairs_4
Swamp:1:  cheibrodos_swamp_tower_of_moss, layout_basic_swamp,
          evilmike_swamp_ruin_house_6, swamp_pool1, uniq_louise
Swamp:2:  layout_falls_marsh, serial_swamp_ruin, evilmike_swamp_ruin_rubble_2,
          evilmike_swamp_ruin_house_4, evilmike_swamp_ruin_rubble_1,
          nicolae_swamp_some_circles
Swamp:3:  layout_basic_swamp, lemuel_altar_in_water
Snake:1:  layout_gridlike, nicolae_triple_integral, minmay_shoptagon
Snake:2:  layout_rooms, nicolae_snake_salamander_fort, serial_bayou_shore_b,
          grunt_megastairs_5
Snake:3:  minmay_snake_river, layout_misc_corridors, serial_shops,
          nicolae_stop_n_shop_2, nicolae_snake_gridmaze_waves, minmay_shop_star
Snake:4:  grunt_snake_rune_serpentine_throne, layout_basic
Orc:1:    layout_caves, nicolae_orc_stony_grotto, mines1_david
Orc:2:    kennysheep_orc_mage_school, layout_diamond_mine,
          kennysheep_orc_sif_temple

Notes
Turn   | Place    | Note
-------+----------+-------------------------------------------
     0 | D:1      | Sobieck the Merfolk Fighter began the quest for the Orb.
     0 | D:1      | Reached XP level 1. HP: 18/18 MP: 1/1
    76 | D:1      | Reached skill level 3 in Polearms
   238 | D:1      | Found a faded altar of an unknown god.
   252 | D:1      | Reached XP level 2. HP: 19/24 MP: 2/2
   463 | D:1      | Reached skill level 4 in Polearms
   615 | D:1      | Reached XP level 3. HP: 14/29 MP: 3/3
  1130 | D:2      | Reached skill level 5 in Polearms
  1310 | D:2      | Reached XP level 4. HP: 24/35 MP: 4/4
  1482 | D:1      | Reached skill level 6 in Polearms
  2037 | D:2      | Reached XP level 5. HP: 31/41 MP: 5/5
  2473 | D:3      | Reached skill level 7 in Polearms
  2826 | D:3      | Reached skill level 8 in Polearms
  2826 | D:3      | Reached XP level 6. HP: 47/47 MP: 6/6
  2934 | D:3      | Found a runed translucent door.
  2935 | D:3      | Noticed Crazy Yiuf
  3092 | D:3      | Noticed Grinder
  3151 | D:4      | Noticed a steam dragon
  3157 | D:4      | Killed a steam dragon
  3158 | D:4      | Reached skill level 9 in Polearms
  3211 | D:4      | Found Celedan's Distillery.
  3220 | D:4      | Bought a potion of degeneration for 12 gold pieces
  3220 | D:4      | Bought a potion of flight for 36 gold pieces
  3220 | D:4      | Bought a potion of curing for 36 gold pieces
  3220 | D:4      | Bought a potion of berserk rage for 60 gold pieces
  3274 | D:3      | Killed Grinder
  3275 | D:3      | Reached skill level 10 in Polearms
  3275 | D:3      | Reached XP level 7. HP: 32/52 MP: 7/7
  4301 | D:4      | Reached skill level 11 in Polearms
  4504 | D:4      | Noticed Robin
  4522 | D:4      | Killed Robin
  4546 | D:4      | Found a bloodstained altar of Trog.
  4761 | D:5      | Entered Level 5 of the Dungeon
  4798 | D:5      | Reached XP level 8. HP: 40/58 MP: 5/8
  4939 | D:5      | Reached skill level 12 in Polearms
  5203 | D:5      | Found an ornate altar of the Wu Jian Council.
  5287 | D:5      | Became a worshipper of the Wu Jian Council
  6175 | D:6      | Reached skill level 13 in Polearms
  6203 | D:6      | You pick up a book of Changes and begin reading...
  6203 | D:6      | You add the spells Beastly Appendage, Wereblood and Spider
                  | Form to your library.
  6676 | D:6      | Found an ancient bone altar of Kikubaaqudgha.
  6902 | D:7      | Found a stormy altar of Qazlal.
  7080 | D:7      | Reached skill level 14 in Polearms
  7118 | D:7      | Reached XP level 9. HP: 63/64 MP: 9/9
  7149 | D:7      | Found a shadowy altar of Dithmenos.
  7322 | D:7      | Found a staircase to the Ecumenical Temple.
  7338 | D:7      | Identified the ring of Baje {rPois rC+ Int+4}
  7470 | D:7      | Reached skill level 15 in Polearms
  7688 | D:7      | Found a burning altar of Makhleb.
  8094 | D:8      | Noticed Grum
  8132 | D:8      | Killed Grum
  8222 | D:8      | Reached * piety under Wu Jian
  8223 | D:8      | Reached skill level 16 in Polearms
  8264 | D:8      | You pick up a book of Conjurations {@e2} and begin
                  | reading...
  8264 | D:8      | You add the spells Magic Dart, Searing Ray and Fulminant
                  | Prism to your library.
  8316 | D:8      | Reached skill level 1 in Dodging
  8345 | D:8      | Reached skill level 1 in Throwing
  8493 | D:8      | Reached skill level 2 in Dodging
  8521 | D:8      | Identified the +9 rapier of Taid Weg {freeze, *Noise rPois
                  | Will+ rCorr}
  9049 | D:9      | Reached skill level 4 in Fighting
  9090 | D:9      | Reached skill level 2 in Throwing
  9109 | D:9      | Reached skill level 3 in Dodging
  9136 | D:9      | Noticed a two-headed ogre
  9151 | D:9      | Killed a two-headed ogre
  9152 | D:9      | Reached skill level 5 in Fighting
  9152 | D:9      | Reached skill level 3 in Throwing
  9152 | D:9      | Reached skill level 4 in Dodging
  9152 | D:9      | Reached XP level 10. HP: 45/74 MP: 4/10
  9311 | D:9      | Found a flagged portal.
  9411 | Bailey   | Entered a bailey
  9578 | Bailey   | Reached skill level 5 in Dodging
  9626 | Bailey   | Reached ** piety under Wu Jian
  9681 | Bailey   | Reached skill level 4 in Throwing
  9700 | Bailey   | a kobold comes into view. It is wearing the +15 Maxwell's
                  | patent armour {-Cast -Tele rElec Will+ rCorr}.
  9909 | Bailey   | Identified the +7 plate armour of the Gloaming {+Blink
                  | MP+9}
  9979 | D:9      | Reached skill level 6 in Fighting
 10039 | D:9      | Reached skill level 6 in Dodging
 10107 | D:9      | Reached skill level 5 in Throwing
 10365 | D:10     | Entered Level 10 of the Dungeon
 10371 | D:10     | Reached skill level 7 in Dodging
 10531 | D:10     | Noticed a gargoyle
 10553 | D:10     | Killed a gargoyle
 10554 | D:10     | Reached skill level 7 in Fighting
 10643 | D:10     | Noticed a death yak
 10696 | D:10     | Reached *** piety under Wu Jian
 10749 | D:10     | Killed a death yak
 10750 | D:10     | Reached skill level 6 in Throwing
 10750 | D:10     | Reached skill level 8 in Dodging
 10750 | D:10     | Reached XP level 11. HP: 63/85 MP: 5/11
 10868 | D:10     | Noticed a death yak
 10872 | D:10     | Noticed a death yak
 10887 | D:10     | Reached skill level 8 in Fighting
 10939 | D:10     | Killed a death yak
 10995 | D:10     | Killed a death yak
 10996 | D:10     | Reached skill level 9 in Dodging
 11016 | D:10     | Reached skill level 7 in Throwing
 11095 | D:10     | Found a staircase to the Lair.
 11140 | D:10     | Found a glowing silver altar of Zin.
 11146 | D:10     | Noticed Fannar
 11250 | D:10     | Killed Fannar
 11251 | D:10     | Reached skill level 9 in Fighting
 11516 | D:10     | Found a basalt altar of Yredelemnul.
 11523 | D:10     | You pick up a book of Flames and begin reading...
 11523 | D:10     | You add the spells Foxfire, Inner Flame, Sticky Flame and
                  | Flame Wave to your library.
 11758 | D:10     | Reached skill level 10 in Dodging
 11803 | D:10     | Found a broken altar of Ashenzari.
 11929 | D:11     | Found a runed translucent door.
 11996 | D:11     | Identified the +7 great sword "Abeseija" {vorpal, Will+}
 12265 | D:11     | Noticed a two-headed ogre
 12305 | D:11     | Killed a two-headed ogre
 12306 | D:11     | Reached skill level 8 in Throwing
 12536 | D:11     | Found a staircase to the Orcish Mines.
 12552 | D:11     | Reached **** piety under Wu Jian
 12593 | D:11     | Reached XP level 12. HP: 87/97 MP: 12/12
 12730 | D:11     | Noticed Lodul
 12737 | D:11     | Reached skill level 11 in Dodging
 12744 | D:11     | Reached skill level 10 in Fighting
 12771 | D:11     | Killed Lodul
 13196 | D:11     | Noticed a two-headed ogre
 13220 | D:11     | Killed a two-headed ogre
 13327 | D:11     | Reached skill level 9 in Throwing
 13440 | D:11     | Found a runed translucent door.
 13496 | D:11     | Noticed a boulder beetle
 13543 | D:12     | Noticed Erolcha
 13560 | D:12     | Killed Erolcha
 13694 | D:12     | HP: 22/99 [brown ugly thing (9)]
 13699 | D:12     | Reached skill level 12 in Dodging
 14199 | D:12     | Reached skill level 11 in Fighting
 14367 | D:12     | Noticed Rupert
 14423 | Lair:1   | Entered Level 1 of the Lair of Beasts
 14858 | Lair:1   | Reached skill level 10 in Throwing
 15059 | Lair:1   | Found a runed translucent gate.
 15059 | Lair:1   | Found a runed translucent gate.
 15059 | Lair:1   | Found a runed translucent gate.
 15086 | Lair:1   | Reached skill level 13 in Dodging
 15333 | Lair:1   | Reached XP level 13. HP: 107/107 MP: 13/13
 15592 | Lair:1   | Noticed Xozoco's ghost (journeyman MfGl)
 16138 | Lair:2   | Reached ***** piety under Wu Jian
 16528 | Lair:2   | Reached skill level 17 in Polearms
 16599 | Lair:2   | You are sucked into a shaft and drop 1 floor!
 16599 | Lair:3   | Found a staircase to the Snake Pit.
 16898 | Lair:3   | Found a staircase to the Swamp.
 17269 | Lair:3   | Reached skill level 18 in Polearms
 17895 | Lair:3   | Reached skill level 19 in Polearms
 18488 | Lair:2   | Reached skill level 20 in Polearms
 18488 | Lair:2   | Reached XP level 14. HP: 105/114 MP: 14/14
 18493 | Lair:2   | Reached skill level 12 in Fighting
 18743 | Lair:2   | You pick up a book of the Hunter and begin reading...
 18743 | Lair:2   | You add the spells Call Canine Familiar, Portal Projectile
                  | and Leda's Liquefaction to your library.
 19231 | Lair:4   | Found a staircase to the Slime Pits.
 19231 | Lair:4   | Found a viscous altar of Jiyva.
 19231 | Lair:4   | Noticed Nessos
 19248 | Lair:4   | HP: 28/115 [something (3)]
 19253 | Lair:4   | HP: 17/115 [poisoned by Nessos]
 19256 | Lair:4   | HP: 6/115 [something (6)]
 19795 | Lair:4   | Killed Nessos
 19836 | Lair:4   | Reached skill level 14 in Dodging
 19861 | Lair:4   | Reached skill level 11 in Throwing
 20066 | Lair:4   | You pick up a book of Spectacle and begin reading...
 20066 | Lair:4   | You add the spells Dazzling Flash, Iskenderun's Mystic
                  | Blast and Starburst to your library.
 20392 | Lair:5   | Entered Level 5 of the Lair of Beasts
 20589 | Lair:5   | Reached skill level 15 in Dodging
 21369 | Lair:5   | Reached ****** piety under Wu Jian
 21462 | Lair:5   | Reached skill level 3 in Armour
 21883 | Lair:5   | You pick up a book of Transfigurations {@e2} and begin
                  | reading...
 21883 | Lair:5   | You add the spells Irradiate, Blade Hands and Dragon Form
                  | to your library.
 21945 | Lair:5   | HP: 28/116 [death yak[a boggart] (15)]
 22613 | Lair:5   | Reached skill level 4 in Armour
 22827 | Orc:1    | Entered Level 1 of the Orcish Mines
 23038 | Orc:2    | Entered Level 2 of the Orcish Mines
 23070 | Orc:2    | Paralysed by an orc sorcerer for 3 turns
 23113 | Orc:2    | Reached skill level 13 in Fighting
 23180 | Orc:2    | Found a staircase to the Elven Halls.
 23521 | Orc:2    | Reached skill level 12 in Throwing
 23751 | Orc:2    | Reached XP level 15. HP: 123/123 MP: 15/15
 23779 | Orc:2    | Found a radiant altar of Vehumet.
 23789 | Orc:2    | Found Doex's Antique Armour Boutique.
 23810 | Orc:2    | Noticed Nergalle
 23812 | Orc:2    | Reached skill level 5 in Armour
 23813 | Orc:2    | Found an ancient bone altar of Kikubaaqudgha.
 23825 | Orc:2    | Killed Nergalle
 24074 | Orc:2    | Found Dudea's Magic Scroll Shop.
 24075 | Orc:2    | Found Ibemp's Antique Armour Boutique.
 24093 | Orc:2    | Found Vogeu's Jewellery Shop.
 24196 | Orc:2    | Bought a ring of see invisible for 165 gold pieces
 24206 | Orc:2    | Bought a scroll of enchant armour for 112 gold pieces
 24206 | Orc:2    | Bought a scroll of enchant weapon for 112 gold pieces
 24206 | Orc:2    | Bought a scroll of enchant weapon for 112 gold pieces
 24206 | Orc:2    | Bought a scroll of blinking for 112 gold pieces
 24333 | Orc:2    | Found a shimmering blue altar of Sif Muna.
 24994 | D:12     | Killed Rupert
 25222 | D:13     | Found Col Ykho's Jewellery Emporium.
 25496 | D:13     | Reached skill level 13 in Throwing
 25556 | D:13     | Reached skill level 6 in Armour
 25926 | D:13     | Found a gate to the Vaults.
 27247 | D:14     | Reached skill level 7 in Armour
 27527 | D:14     | Identified the +0 pair of boots of Hedge Wizardry {Rampage
                  | rElec rC+}
 27822 | D:15     | Entered Level 15 of the Dungeon
 27842 | D:15     | Reached skill level 14 in Throwing
 27882 | D:15     | You are cast into the Abyss!
 27882 | Abyss:2  | Cast into level 2 of the Abyss (a wizard)
 27974 | Abyss:2  | Gained mutation: You are dopey. (Int -2) [a shining eye]
 27979 | Abyss:2  | Gained mutation: You sometimes lose your temper in combat.
                  | [a shining eye]
 28266 | Abyss:2  | HP: 18/123 [wretched star/lance of force (17)]
 28292 | Abyss:2  | HP: 29/123 [wretched star/lance of force (13)]
 28355 | D:15     | You pass through the gate.
 28355 | D:15     | Escaped the Abyss
 28360 | D:15     | Reached XP level 16. HP: 37/130 MP: 14/14
 28681 | D:15     | You pick up a book of Spectacle and begin reading...
 28906 | D:15     | Reached skill level 8 in Armour
 28925 | D:14     | Lost mutation: You are very dopey. (Int -4) [potion of
                  | mutation]
 28925 | D:14     | Lost mutation: You sometimes lose your temper in combat.
                  | [potion of mutation]
 28925 | D:14     | Gained mutation: Your magical capacity is low. (-10% MP)
                  | [potion of mutation]
 28925 | D:14     | Gained mutation: You are somewhat resistant to further
                  | mutation. [potion of mutation]
 29192 | D:15     | Found a staircase to the Depths.
 29436 | Snake:1  | Entered Level 1 of the Snake Pit
 30041 | Snake:1  | Reached skill level 15 in Throwing
 30041 | Snake:1  | HP: 32/130 [poisoned by a naga ritualist (toxic radiance)]
 30042 | Snake:1  | HP: 12/130 [mana viper[a naga ritualist] (10)]
 30047 | Snake:1  | HP: 9/130 [poisoned by a naga ritualist (toxic radiance)]
 30771 | Snake:1  | Found Faifix's Antique Armour Emporium.
 30774 | Snake:1  | Found Fidun's Distillery.
 30774 | Snake:1  | Found Atryin's Jewellery Emporium.
 30779 | Snake:1  | Found Gonkih's General Store.
 30785 | Snake:1  | Bought a scroll of enchant weapon for 112 gold pieces
 30785 | Snake:1  | Bought a scroll of blinking for 112 gold pieces
 31076 | Snake:1  | Reached skill level 9 in Armour
 32458 | Snake:2  | Reached skill level 16 in Throwing
 32568 | Snake:2  | Reached skill level 1 in Evocations
 32903 | Snake:2  | Upgraded the game from 0.30-a0-170-g85af917532 to
                  | 0.30-a0-172-gc5509c9e31
 32948 | Snake:2  | Reached skill level 2 in Evocations
 33516 | Snake:2  | Reached skill level 3 in Evocations
 34254 | Snake:3  | Reached XP level 17. HP: 126/137 MP: 15/15
 34285 | Snake:3  | You pick up a book of Maledictions and begin reading...
 34285 | Snake:3  | You add the spells Anguish and Enfeeble to your library.
 34335 | Snake:3  | Reached skill level 4 in Evocations
 34407 | Snake:3  | Found Qyicrom's Book Boutique.
 34446 | Snake:3  | Reached skill level 16 in Dodging
 34856 | Snake:3  | Reached skill level 14 in Fighting
 34856 | Snake:3  | Reached skill level 5 in Evocations
 35409 | Snake:3  | Identified the ring of Fannuevi {rF+ rN+ Str+4}
 35485 | Snake:3  | Found Toadoshret's Book Shop.
 35661 | Snake:4  | Entered Level 4 of the Snake Pit
 35679 | Snake:4  | HP: 34/140 [salamander mystic/+0 scimitar (7)]
 36258 | Snake:4  | Reached skill level 17 in Dodging
 36325 | Snake:4  | You pick up a book of Conjurations {@e2} and begin
                  | reading...
 36676 | Snake:4  | HP: 35/140 [poisoned by a naga ritualist (toxic radiance)]
 36682 | Snake:4  | HP: 29/140 [anaconda (5)]
 37087 | Swamp:1  | Entered Level 1 of the Swamp
 37087 | Swamp:1  | Noticed Louise
 37294 | Orc:2    | Bought a ring of willpower for 275 gold pieces
 37523 | Swamp:1  | Killed Louise
 37639 | Swamp:1  | Reached skill level 15 in Fighting
 37727 | Swamp:1  | You pick up a book of Weapons and begin reading...
 37741 | Swamp:1  | You pick up a book of Rime and begin reading...
 37741 | Swamp:1  | You add the spells Frozen Ramparts, Ice Form and Summon Ice
                  | Beast to your library.
 38596 | Swamp:2  | Identified the +2 broad axe "Limupnosch" {freeze, Will+
                  | Dex+6}
 38725 | Swamp:2  | Reached skill level 18 in Dodging
 39260 | Swamp:3  | Found a sparkling altar of Nemelex Xobeh.
 39278 | Swamp:2  | Reached skill level 16 in Fighting
 39407 | Swamp:3  | HP: 29/144 [alligator (10)]
 39408 | Swamp:3  | HP: 6/144 [alligator (16)]
 39749 | Swamp:2  | Reached XP level 18. HP: 152/152 MP: 16/16
 39803 | Swamp:2  | HP: 15/153 [alligator[a spriggan druid] (25)]
 39804 | Swamp:2  | Mangled by an alligator

Vanquished Creatures
  Rupert (D:12)
  A thorn hunter (Swamp:1)
  Louise (Swamp:1)
  2 eleionomae
  Nessos (Lair:4)
  4 bunyips
  A green death (Abyss:2)
  Fannar (D:10)
  2 vault guards (D:13)
  Erolcha (D:12)
  7 hydras
  3 ogre magi (Orc:2)
  A catoblepas (D:13)
  2 salamander tyrants
  8 alligators
  5 centaur warriors
  A ghost crab (Swamp:1)
  A boulder beetle (D:15)
  22 anacondas
  4 naga warriors
  6 two-headed ogres
  13 death yaks
  A tengu warrior (D:14)
  6 naga sharpshooters
  A thrashing horror (Abyss:2)
  6 shock serpents
  Nergalle (Orc:2)
  3 wretched stars (Abyss:2)
  3 goliath frogs
  Lodul (D:11)
  3 salamander mystics
  3 sea snakes (Snake:3)
  4 spriggan druids
  3 swamp dragons (Swamp:2)
  3 wizards (D:15)
  A bog body (Swamp:2)
  6 naga ritualists
  A necromancer (D:15)
  An orc knight (Orc:2)
  8 mana vipers
  2 deep elf pyromancers
  2 deep elf zephyrmancers
  A harpy (shapeshifter) (D:15)
  A shining eye (Abyss:2)
  14 ugly things
  8 orc sorcerers (Orc:2)
  3 cyclopes
  A will-o-the-wisp (Swamp:3)
  18 salamanders
  2 manticores
  A centaur zombie (D:15)
  3 guardian serpents
  13 naga magi
  27 black mambas
  A smoke demon (Abyss:2)
  5 elephants (Lair:5)
  A guardian serpent (shapeshifter) (D:13)
  A gargoyle (D:10)
  An orange demon (Abyss:2)
  12 cane toads
  5 rime drakes
  2 centaur skeletons (D:15)
  An efreet (D:15)
  9 komodo dragons
  A hellion (Abyss:2)
  2 kobold demonologists (D:11)
  A troll (D:12)
  7 polar bears
  5 hornets
  4 slime creatures (D:14)
  Grinder (D:3)
  2 bloated husks
  5 tyrant leeches
  5 dream sheep
  7 raiju (Abyss:2)
  18 blink frogs
  2 centaur simulacra (D:14)
  4 wyverns
  4 wraiths
  5 starcursed masses (Abyss:2)
  15 spriggans
  2 vampires (D:13)
  9 humans (D:13)
  61 yaks
  3 basilisks
  Grum (D:8)
  4 steam dragons
  22 vampire mosquitoes
  A warg (Orc:1)
  39 nagas
  An acid dragon (D:10)
  8 swamp worms
  12 water moccasins
  15 orc warriors
  2 small abominations (Abyss:2)
  A meliai simulacrum (D:14)
  8 black bears
  13 ogres
  3 boggarts (Lair:5)
  36 wolves
  8 centaurs
  2 kobold brigands
  A phantom (D:6)
  9 bullfrogs
  A scorpion (D:5)
  A necrophage (D:5)
  3 killer bees (D:9)
  A lava snake (Snake:2)
  5 hounds
  4 jellies
  9 orc priests
  A quasit (Abyss:2)
  3 gnoll boudas
  A boggart zombie (D:15)
  2 iguanas (D:5)
  32 orc wizards
  6 hell rats (Lair:4)
  Robin (D:4)
  35 gnolls
  18 adders
  A white imp (Abyss:2)
  3 ufetubi
  4 worms
  3 dart slugs
  53 orcs
  5 bats
  6 endoplasms
  2 giant cockroaches
  28 goblins
  17 hobgoblins
  6 jackals
  22 kobolds
  2 quokkas (D:1)
  3 frilled lizards (D:1)
  3 rats
  A briar patch (Swamp:3)
908 creatures vanquished.

Vanquished Creatures (collateral kills)
  A gnoll (D:5)
1 creature vanquished.

Vanquished Creatures (others)
  A black mamba (Snake:4)
  A bloated husk (Swamp:3)
  A human (D:13)
  An orc wizard (Orc:2)
  A bush (Lair:5)
  2 foxfires (Swamp:3)
  21 fungi
  38 plants
  8 toadstools (Swamp:1)
74 creatures vanquished.

Grand Total: 983 creatures vanquished

Table legend:
 A = Non-vault XP
 B = Vault XP
 C = Vault XP percentage of total XP
 D = Non-vault monster count
 E = Vault monster count
 F = Vault count percentage of total count
                 A         B        C        D         E       F
            +---------+---------+-------+---------+---------+-------
      Total |  187991 |   58658 |  23.8 |     667 |     242 |  26.6
            +---------+---------+-------+---------+---------+-------
        D:1 |      46 |      42 |  47.7 |      25 |       3 |  10.7
        D:2 |      76 |      14 |  15.6 |      12 |       1 |   7.7
        D:3 |     266 |     272 |  50.6 |      32 |       1 |   3.0
        D:4 |     319 |      49 |  13.3 |      15 |      19 |  55.9
        D:5 |     389 |     144 |  27.0 |      21 |       5 |  19.2
        D:6 |     158 |       0 |   0.0 |       4 |       0 |   0.0
        D:7 |    1013 |      42 |   4.0 |      25 |       1 |   3.8
        D:8 |     605 |     423 |  41.1 |      14 |       3 |  17.6
        D:9 |    2912 |       8 |   0.3 |      20 |       4 |  16.7
       D:10 |    3061 |    4629 |  60.2 |      18 |      11 |  37.9
       D:11 |    5733 |    1862 |  24.5 |      31 |      18 |  36.7
       D:12 |    5298 |    2619 |  33.1 |      15 |       2 |  11.8
       D:13 |   11057 |    3593 |  24.5 |      25 |      11 |  30.6
       D:14 |    7663 |       0 |   0.0 |      21 |       0 |   0.0
       D:15 |    5458 |    4333 |  44.3 |       9 |       9 |  50.0
     Lair:1 |    4794 |     601 |  11.1 |      19 |       4 |  17.4
     Lair:2 |    8724 |       0 |   0.0 |      38 |       0 |   0.0
     Lair:3 |    9742 |    1669 |  14.6 |      25 |      10 |  28.6
     Lair:4 |    7611 |    2290 |  23.1 |      31 |      15 |  32.6
     Lair:5 |   10510 |    7135 |  40.4 |      30 |      35 |  53.8
    Swamp:1 |    5245 |    2592 |  33.1 |      11 |       2 |  15.4
    Swamp:2 |   16642 |       0 |   0.0 |      24 |       0 |   0.0
    Swamp:3 |    6269 |       0 |   0.0 |      12 |       0 |   0.0
    Snake:1 |   20864 |     143 |   0.7 |      44 |       1 |   2.2
    Snake:2 |   13019 |    5738 |  30.6 |      30 |      10 |  25.0
    Snake:3 |   10431 |    9718 |  48.2 |      21 |      12 |  36.4
    Snake:4 |   17041 |    2350 |  12.1 |      36 |       3 |   7.7
      Orc:1 |     924 |       0 |   0.0 |      17 |       0 |   0.0
      Orc:2 |    3358 |    7511 |  69.1 |      17 |      35 |  67.3
    Abyss:2 |    8763 |       0 |   0.0 |      25 |       0 |   0.0
     Bailey |       0 |     881 | 100.0 |       0 |      27 | 100.0
            +---------+---------+-------+---------+---------+-------

Illustrated notes

Table legend:
 A = Kills in this place as a percentage of kills in entire the game.
 B = Kills by you in this place as a percentage of kills by you in the entire game.
 C = Kills by friends in this place as a percentage of kills by friends in the entire game.
 D = Other kills in this place as a percentage of other kills in the entire game.
 E = Experience gained in this place as a percentage of experience gained in the entire game.
 F = Experience gained in this place divided by the number of levels of this place that you have seen.
                   A       B       C       D       E      F
               +-------+-------+-------+-------+-------+----------------------
         Total | 100.0 | 100.0 | 100.0 | 100.0 | 100.0 | 7956.4
       Dungeon |  41.3 |  41.2 | 100.0 |   0.0 |  25.2 | 4138.9
          Lair |  22.8 |  22.8 |   0.0 |   0.0 |  21.5 | 10615.2
         Swamp |   5.4 |   5.4 |   0.0 |   0.0 |  12.5 | 10249.3
     Snake Pit |  17.3 |  17.2 |   0.0 | 100.0 |  32.2 | 19826.0
  Orcish Mines |   7.6 |   7.6 |   0.0 |   0.0 |   4.8 | 5896.5
         Abyss |   2.8 |   2.8 |   0.0 |   0.0 |   3.6 | 8763.0
        Bailey |   3.0 |   3.0 |   0.0 |   0.0 |   0.4 | 881.0
               +-------+-------+-------+-------+-------+----------------------

Table legend: (Time is in decaauts)
 A = Elapsed time spent in this place.
 B = Non-inter-level travel time spent in this place.
 C = Inter-level travel time spent in this place.
 D = Time resting spent in this place.
 E = Time spent auto-exploring this place.
 F = Levels seen in this place.
 G = Mean time per level.
                   A        B        C        D        E       F      G
               +--------+--------+--------+--------+--------+-----+--------+
         Total |  38157 |  36114 |   2043 |  10406 |  18924 |  31 | 1230.9 |
       Dungeon |  17512 |  16537 |    975 |   3444 |  10346 |  15 | 1167.5 |
          Lair |   8336 |   7784 |    552 |   2373 |   4060 |   5 | 1667.2 |
         Swamp |   2102 |   2032 |     70 |    685 |    979 |   3 |  700.7 |
     Snake Pit |   7438 |   7268 |    170 |   3451 |   2358 |   4 | 1859.5 |
  Orcish Mines |   1875 |   1601 |    274 |    271 |    929 |   2 |  937.5 |
         Abyss |    470 |    470 |      0 |    181 |    128 |   1 |  470.0 |
        Bailey |    421 |    421 |      0 |      0 |    123 |   1 |  421.0 |
               +--------+--------+--------+--------+--------+-----+--------+

Top non-repeatable levels by time:
 Snake:1: 2973 daAuts
  Lair:3: 2415 daAuts
  Lair:5: 1794 daAuts
 Snake:3: 1636 daAuts
    D:11: 1624 daAuts
     D:1: 1622 daAuts
  Lair:2: 1546 daAuts
 Snake:2: 1540 daAuts
    D:13: 1412 daAuts
  Lair:4: 1383 daAuts
   Orc:2: 1326 daAuts
    D:12: 1312 daAuts
    D:14: 1304 daAuts
    D:10: 1290 daAuts
 Snake:4: 1288 daAuts
